 Dungeon Crawl Stone Soup version 0.22-a0-15-g4f60a598d5 (webtiles) character file.

87 Kaname the Conjurer (level 4, -2/30 HPs)
             Began as a Demonspawn Wizard on Jan 2, 2018.
             Slain by a hound (3 damage)
             ... on level 2 of the Dungeon.
             The game lasted 00:06:06 (1473 turns).

Kaname the Conjurer (Demonspawn Wizard)             Turns: 1473, Time: 00:06:06

Health: -2/30      AC:  2    Str:  7    XL:     4   Next: 28%
Magic:  3/8        EV: 11    Int: 21    God:
Gold:   185        SH:  3    Dex: 11    Spells: 0/9 levels left

rFire    + . .     SeeInvis .   o - +2 dagger (venom)
rCold    x . .     Gourm    .   k - +0 buckler
rNeg     . . .     Faith    .   a - +0 robe
rPois    .         Spirit   .   b - +0 hat
rElec    .         Reflect  .   (no cloak)
rCorr    +         Harm     .   (no gloves)
MR       .....                  (no boots)
Stlth    +.........             (no amulet)
HPRegen  0.10/turn              m - ring of resist corrosion
MPRegen  0.11/turn              f - ring of fire

@: no status effects
A: hooves 1, powered by death 1
a: no special abilities


You were on level 2 of the Dungeon.
You were not hungry.

You visited 1 branch of the dungeon, and saw 2 of its levels.

You collected 185 gold pieces.

Inventory:

Hand Weapons
 o - a +2 dagger of venom (weapon)
Armour
 a - a +0 robe (worn)
 b - a +0 hat (worn)
 k - a +0 buckler (worn)
 q - a +3 chain mail of cold resistance
Jewellery
 f - a ring of fire (right hand)
 m - a ring of resist corrosion (left hand)
Scrolls
 c - a scroll of enchant armour {unknown}
 e - a scroll of fear {unknown}
 g - a scroll of noise {unknown}
 h - 3 scrolls of teleportation {unknown}
 i - a scroll of magic mapping {unknown}
 l - a scroll of remove curse {unknown}
Potions
 j - a potion of flight {unknown}
 p - a potion of ambrosia {unknown}
Comestibles
 d - a ration
 n - 3 chunks of flesh


   Skills:
 - Level 1.7 Dodging
 - Level 1.7 Stealth
 - Level 3.0 Spellcasting
 + Level 3.6 Conjurations
   Level 1.0 Summonings
 - Level 1.0 Translocations
 - Level 1.0 Air Magic
 - Level 1.0 Poison Magic


You couldn't memorise any spells.
You knew the following spells:

 Your Spells              Type           Power        Failure   Level  Hunger
a - Magic Dart            Conj           ###.         4%          1    None
b - Blink                 Tloc           N/A          22%         2    ##.....
c - Mephitic Cloud        Conj/Pois/Air  ##......     30%         3    ###....
d - Conjure Flame         Conj/Fire      ###.....     32%         3    ###....


Dungeon Overview and Level Annotations

Branches:
Dungeon (2/15)

Altars:


Innate Abilities, Weirdness & Mutations

You have large cloven feet.
You regenerate a little health from kills.


Message History

The hound bites you. x2
* * * LOW HITPOINT WARNING * * *
Casting: Magic Dart
Confirm with . or Enter, or press ? or * to list all spells.
Aiming: Magic Dart
Press: ? - help, Shift-Dir - straight line, f/p - hound
Aim: a hound (severely wounded)
The magic dart hits the hound.
The hound is almost dead.
The hound bites you.
* * * LOW HITPOINT WARNING * * *
Casting: Magic Dart
Confirm with . or Enter, or press ? or * to list all spells.
Aiming: Magic Dart
Press: ? - help, Shift-Dir - straight line, f/p - hound
Aim: a hound (almost dead)
The magic dart hits the hound.
The hound is almost dead.
The hound misses you. The hound bites you.
You die...

..รท........'.......
############...#.##
...............#.#
..................
............@.##.#
...######.....##.#
........# ####.#
........# #h#
...#############@#
...# #..........#
...# #.##########
...# #.# ...# #.#
#### #.# ##### #.#
....# #.# ....# #.#


You could see a hound.

Vanquished Creatures
  Terence (D:2)
  3 adders (D:2)
  3 giant cockroaches
  6 goblins
  4 hobgoblins
  5 kobolds
  A ball python (D:1)
  6 bats (D:1)
  3 frilled lizards
  2 rats (D:2)
34 creatures vanquished.

Notes
Turn   | Place    | Note
-------+----------+-------------------------------------------
     0 | D:1      | Kaname the Demonspawn Wizard began the quest for the Orb.
     0 | D:1      | Reached XP level 1. HP: 13/13 MP: 4/4
   285 | D:1      | Gained mutation: You regenerate a little health from kills. [demonic ancestry]
   285 | D:1      | Reached XP level 2. HP: 12/19 MP: 3/6
   298 | D:1      | Learned a level 2 spell: Blink
  1082 | D:2      | Gained mutation: You have large cloven feet. [demonic ancestry]
  1082 | D:2      | Reached XP level 3. HP: 24/24 MP: 2/7
  1087 | D:2      | Learned a level 3 spell: Mephitic Cloud
  1155 | D:2      | Reached skill level 1 in Translocations
  1185 | D:2      | Reached skill level 1 in Poison Magic
  1273 | D:2      | Noticed Terence
  1297 | D:2      | Reached skill level 1 in Air Magic
  1381 | D:2      | Killed Terence
  1381 | D:2      | Reached XP level 4. HP: 16/30 MP: 1/8
  1413 | D:2      | Learned a level 3 spell: Conjure Flame
  1472 | D:2      | HP: 1/30 [hound (5)]
  1473 | D:2      | Slain by a hound

Vault maps used:
D:1:      dpeg_arrival_arbitrary_c
D:2:      uniq_terence

Skill      XL: |  1  2  3 |
---------------+----------+-----
Conjurations   | 2 3 |  3.6
Translocations | 1 |  1.0
Poison Magic   | 1 |  1.0
Air Magic      | 1 |  1.0
Dodging        | |  1.7
Stealth        | |  1.7
Spellcasting   | |  3.0
Summonings     | |  1.0

Action                   |  1- 3 |  4- 6 || total
-------------------------+-------+-------++-------
Melee: Unarmed           |    13 |       ||    13
       Short sword       |    29 |       ||    29
       Dagger            |    14 |     3 ||    17
       Kick              |     3 |       ||     3
 Cast: Magic Dart        |    71 |     5 ||    76
       Mephitic Cloud    |     1 |       ||     1
  Eat: Chunk             |     1 |     1 ||     2
Armor: Robe              |    27 |     1 ||    28
Dodge: Dodged            |    59 |     1 ||    60
Block: Buckler           |     2 |       ||     2

Table legend:
 A = Spawn XP
 B = Non-spawn XP
 C = Spawn XP percentage of total XP
 D = Spawn monster count
 E = Non-spawn monster count
 F = Spawn count percentage of total count
 G = Total turns spent on level
                    A         B        C        D         E        F      G
               +---------+---------+-------+---------+---------+-------+---------
         Total |       0 |     125 |   0.0 |       0 |      34 |   0.0 |  1473
               +---------+---------+-------+---------+---------+-------+---------
           D:1 |       0 |      36 |   0.0 |       0 |      22 |   0.0 |  1024
           D:2 |       0 |      89 |   0.0 |       0 |      12 |   0.0 |   449
               +---------+---------+-------+---------+---------+-------+---------
